 Dungeon Crawl Stone Soup version 0.29.1-2-gbd0b4ee654 (webtiles) character file.

Game seed: 3709178240613121754

28 Ivernyr the Insei (level 3, 0/23 HPs)
             Began as an Octopode Transmuter on Oct 31, 2022.
             Succumbed to an adder's poison
             ... on level 2 of the Dungeon.
             The game lasted 00:01:10 (1238 turns).

Ivernyr the Insei (Octopode Transmuter)             Turns: 1238, Time: 00:01:11

Health: 0/23       AC:  1    Str:  9    XL:     3   Next: 12%
Magic:  6/6        EV: 13    Int: 17    God:
Gold:   50         SH:  0    Dex: 12    Spells: 3/6 levels left

rFire   . . .      SeeInvis .     - Unarmed
rCold   . . .      Faith    .   (no shield)
rNeg    . . .      Spirit   .   (helmet restricted)
rPois   .          Reflect  .   (no amulet)
rElec   .          Harm     .   (no ring)
rCorr   .          Rampage  .   (no ring)
Will    .....                   (no ring)
Stlth   ++........              (no ring)
HPRegen 0.07/turn               (no ring)
MPRegen 0.10/turn               (no ring)
                                (no ring)
                                (no ring)

@: lethally poisoned (0 -> -8)
A: almost no armour, amphibious, 8 rings, camouflage 1, gelatinous body 1,
(nimble swimmer 1), tentacles
a: no special abilities


You were on level 2 of the Dungeon.
You visited 1 branch of the dungeon, and saw 2 of its levels.

You collected 50 gold pieces.

Inventory:

Scrolls
 b - 2 scrolls of identify {unknown}
 c - a scroll of butterflies {unknown}
 e - 2 scrolls of teleportation {unknown}
 f - a scroll of vulnerability {unknown}
 h - a scroll of blinking {unknown}
 j - a scroll of noise {unknown}
Potions
 a - a potion of lignification
 d - 3 potions of curing {unknown}
 g - a potion of degeneration {unknown}
 i - a potion of haste {unknown}
 k - a potion of brilliance {unknown}


   Skills:
 + Level 1.5 Fighting
 - Level 2.0 Dodging
 + Level 3.2 Unarmed Combat
 + Level 2.2 Spellcasting
 * Level 2.7 Transmutations


You had 3 spell levels left.
You knew the following spells:

 Your Spells              Type           Power      Damage    Failure   Level
a - Beastly Appendage     Tmut           22%        N/A       6%          1
b - Wereblood             Tmut           11%        N/A       10%         2

Your spell library contained the following spells:

 Spells                   Type           Power      Damage    Failure   Level
 Spider Form              Tmut/Pois      6%         N/A       32%         3
 Ignite Poison            Fire/Tmut/Pois 4%         N/A       36%         3
 Conjure Flame            Conj/Fire      1%         6-21      50%         3
 Ice Form                 Ice/Tmut       6%         N/A       71%         4
 Sticky Flame             Conj/Fire      1%         2d3       88%         4


Dungeon Overview and Level Annotations

Branches:
Dungeon (2/15)

Altars:


Innate Abilities, Weirdness & Mutations

You cannot wear most types of armour.
You are amphibious.
You can wear up to eight rings at the same time.
Your skin changes colour to match your surroundings (Stealth+).
Your rubbery body absorbs attacks. (AC +1, EV +1)
((You are camouflaged when in or above water. (Stealth+)))
You have tentacles for arms and can constrict up to eight enemies at once.


Message History

Your squeeze misses the adder.
The adder is lightly wounded.
The adder barely misses you. The adder closely misses you.
You barely miss the adder. Your grab misses the adder.
Your squeeze misses the adder.
The adder is lightly wounded.
The adder barely misses you.
You miss the adder. Your grab misses the adder.
The adder is lightly wounded.
The adder closely misses you.
You tentacle-slap the adder. Your grab misses the adder.
The adder is lightly wounded.
The adder bites you.
You are poisoned.
The adder poisons you!
You tentacle-slap the adder. You grab the adder.
The adder is moderately wounded.
You constrict the adder.
You feel sick. The adder bites you.
You are lethally poisoned!
The adder poisons you!
You tentacle-slap the adder.
The adder is heavily wounded.
You constrict the adder.
You feel sick.
The goblin shouts!
You hear a shout!
The adder closely misses you. The adder bites you.
* * * LOW HITPOINT WARNING * * *
You are more poisoned.
The adder poisons you!
You tentacle-slap the adder.
You kill the adder!
* * * LOW HITPOINT WARNING * * *
You feel sick.
You have reached level 3!
Your experience leads to an increase in your attributes!
Increase (S)trength, (I)ntelligence, or (D)exterity?
You feel clever. x2
* * * LOW HITPOINT WARNING * * *
You feel sick.
You see here an adder corpse.
You die...

####..........#
..............#
#...........# ###
#..........## ..#
##........... #.#
##............
#.###.............
#†#...#.........÷#
#@..# #.......>..#
#...# #..........#
#.#.####..........
#g#............#..
#.#..######..##...
..##.# #.## .#.
...#.# #.# . .
......# ... ..#


You could see a goblin.

Vanquished Creatures
  An adder (D:2)
  A ball python (D:1)
  An endoplasm (D:2)
  A goblin (D:2)
  3 hobgoblins
  2 jackals (D:1)
  3 quokkas
  A bat (D:2)
  2 kobolds (D:1)
15 creatures vanquished.

Notes
Turn   | Place    | Note
-------+----------+-------------------------------------------
     0 | D:1      | Ivernyr the Octopode Transmuter began the quest for the
                  | Orb.
     0 | D:1      | Reached XP level 1. HP: 13/13 MP: 3/3
   506 | D:1      | Found a faded altar of an unknown god.
   737 | D:1      | Reached XP level 2. HP: 18/18 MP: 5/5
   744 | D:1      | Learned a level 2 spell: Wereblood
  1237 | D:2      | Reached XP level 3. HP: 4/23 MP: 6/6
  1238 | D:2      | Succumbed to an adder's poison

Illustrated notes

Levels and vault maps discovered:
D:1:      evilmike_arrival_crescent, layout_loops_ring, basic_ecumenical_altar
D:2:      layout_rooms

Action                   || total
-------------------------++-------
Melee: Unarmed           ||    47
       Constrict         ||    11
       Tentacles         ||     8
       Punch             ||     2
 Stab: Sleeping          ||     3
Armor: Skin              ||     3
Dodge: Dodged            ||    33
